 Dungeon Crawl Stone Soup version 0.20.1-1-g8b1a95d (webtiles) character file.

1258 Starchild the Jinx (level 8, 0/53 HPs)
             Began as a Vampire Enchanter on Aug 6, 2017.
             Slain by a yak (10 damage)
             ... on level 5 of the Dungeon.
             The game lasted 00:25:47 (6950 turns).

Starchild the Jinx (Vampire Enchanter)              Turns: 6950, Time: 00:25:48

Health: 0/53       AC:  7    Str:  7    XL:     8   Next: 27%
Magic:  4/11       EV: 12    Int: 20    God:
Gold:   268        SH:  3    Dex: 14    Spells: 2/11 levels left

rFire    . . .     SeeInvis +   a - +1 dagger
rCold    + . .     Gourm    .   m - +0 buckler
rNeg     + + .     Faith    .   b - +0 robe
rPois    +         Spirit   .   v - +2 hat
rElec    .         Reflect  .   w - +0 cloak
rCorr    +         Harm     .   u - +0 pair of gloves
MR       .....                  o - +0 pair of boots
Stlth    ++++......             (no amulet)
Regen    0.1/turn               q - ring of resist corrosion
MPRegen  0.2/turn               (no ring)

@: regenerating slowly
A: fangs 3, see invisible, unbreathing
a: Bat Form


You were on level 5 of the Dungeon.
You were very thirsty.

You visited 1 branch of the dungeon, and saw 5 of its levels.
You also visited: Ossuary.

You collected 268 gold pieces.

Inventory:

Hand Weapons
 a - a +1 dagger (weapon)
 y - the +6 hunting sling of Cowardice {freeze, +Fly rN+}
   (You found it on level 4 of the Dungeon)

   It causes projectiles fired from it to freeze those they strike, causing
   extra injury to most foes and up to half again as much damage against
   particularly susceptible opponents.
   They can also slow down cold-blooded creatures.
   It protects you from negative energy.
   It lets you fly.
Missiles
 n - 225 stones (quivered)
 z - 22 sling bullets
Armour
 b - a +0 robe (worn)
 m - a +0 buckler (worn)
 o - a +0 pair of boots (worn)
 u - a +0 pair of gloves (worn)
 v - a +2 hat (worn)
 w - a +0 cloak (worn)
Magical Staves
 p - an uncursed staff of death
Jewellery
 q - a ring of resist corrosion (left hand)
Scrolls
 e - 2 scrolls of enchant armour {unknown}
 f - a scroll of noise {unknown}
 g - a scroll of teleportation
 i - a scroll of recharging {unknown}
 k - a scroll of amnesia {unknown}
 t - 3 scrolls of remove curse {unknown}
 x - a scroll of magic mapping {unknown}
 A - 2 scrolls of blinking {unknown}
 D - 2 scrolls of enchant weapon {unknown}
 E - a scroll of identify
 H - a scroll of fog {unknown}
Potions
 d - 4 potions of blood
 h - a potion of cancellation {unknown}
 j - 3 potions of agility
 l - a potion of mutation {unknown}
 r - 2 potions of flight
 s - a potion of brilliance {unknown}
 B - 2 potions of curing {unknown}
 C - a potion of berserk rage {unknown}
 F - 2 potions of haste
 G - 2 potions of heal wounds {unknown}
Books
 c - a book of Maledictions

   Spells                             Type                      Level
   a - Corona                         Hexes                        1
   b - Ensorcelled Hibernation        Hexes/Ice                    2
   c - Confuse                        Hexes                        3
   d - Tukima's Dance                 Hexes                        3
   e - Dazzling Spray                 Conjuration/Hexes            3


   Skills:
 - Level 0.3 Fighting
 - Level 1.1 Short Blades
 - Level 2.1 Dodging
 - Level 4.4 Stealth
 - Level 2.0 Spellcasting
 + Level 14.0 Hexes
 - Level 0.6 Ice Magic


You had 2 spell levels left.
You knew the following spells:

 Your Spells              Type           Power        Failure   Level  Hunger
a - Corona                Hex            ######.      1%          1    #......
b - Ensorcelled Hibernat  Hex/Ice        ####..       1%          2    ##.....
c - Tukima's Dance        Hex            ######..     1%          3    ###....
d - Confuse               Hex            ######..     1%          3    ###....


Dungeon Overview and Level Annotations

Branches:
Dungeon (5/15)
 Temple: D:4-7

Altars:
Fedhas
Okawaru
Ru
Vehumet
The Shining One


Innate Abilities, Weirdness & Mutations

You heal slowly.
You have razor-sharp teeth.
You have supernaturally acute eyesight. (SInv)
You can survive without breathing.


Message History

The yak looks drowsy...
The helpless yak fails to defend itself.
You bite the yak, and draw its blood!
You feel better.
You feel slightly less thirsty.
You puncture the yak!
The yak is heavily wounded.
The yak gores you.
You hit the yak.
The yak is heavily wounded.
The yak gores you.
You hit the yak but do no damage.
The yak is heavily wounded.
The yak gores you. The yak gores you!
* * * LOW HITPOINT WARNING * * *
Things that are here:
a hand axe; a ring mail; an orc skeleton
There is a stone staircase leading up here.
You see here an arrow.
The yak gores you!
You die...

##....##.....(..>.... ...
##..#####...###.............
#.....# #....................
#.###)###).###...............
#.....Y.....................##
#####.##[#...#.##.............
#####.)).)...).##>....#.....#.
#..(........Y...(.....#.......
#.####...[.Y<@<)(............# #
#....#.......)....%#......# .###
#..................#.....##
.....##....###..........##.....#
#........####...##...#####.###
#.##......####### #### ###.####
#..#†.......## #......#
#.#########..###### ##......# #.
##......###.......#


You could see 3 yaks.

Vanquished Creatures
  2 yaks (D:5)
  An ice beast (D:5)
  2 ogres (D:4)
  A centaur (D:5)
  2 elf zombies (Ossuary)
  A scorpion (D:4)
  3 hounds (D:4)
  3 human zombies (Ossuary)
  An orc wizard (D:5)
  Natasha (twice) (D:4)
  3 worker ants
  3 mummies
  4 adders
  2 oozes
  An adder zombie (Ossuary)
  2 worms
  8 orcs
  2 ball pythons
  4 giant cockroaches
  9 goblins
  9 hobgoblins
  3 jackals (D:2)
  2 quokkas
  8 bats
  9 frilled lizards
  A goblin zombie (Ossuary)
  13 hobgoblin zombies (Ossuary)
  2 jackal zombies (Ossuary)
  2 kobolds
  4 kobold zombies (Ossuary)
  10 orc zombies (Ossuary)
  5 rats
  A rat zombie (Ossuary)
125 creatures vanquished.

Vanquished Creatures (collateral kills)
  A howler monkey (D:4)
  An orc priest (D:5)
  2 orcs (D:5)
  A giant cockroach (D:5)
  2 goblins (D:2)
7 creatures vanquished.

Grand Total: 132 creatures vanquished

Notes
Turn   | Place    | Note
-------+----------+-------------------------------------------
     0 | D:1      | Starchild the Vampire Enchanter began the quest for the Orb.
     0 | D:1      | Reached XP level 1. HP: 13/13 MP: 3/3
   339 | D:1      | Reached skill level 5 in Hexes
   657 | D:1      | Reached XP level 2. HP: 19/19 MP: 5/5
   671 | D:1      | Learned a level 2 spell: Ensorcelled Hibernation
   936 | D:2      | Found a radiant altar of Vehumet.
  1989 | D:2      | Found a sacrificial altar of Ru.
  2026 | D:2      | Reached XP level 3. HP: 25/25 MP: 6/6
  2031 | D:2      | Learned a level 3 spell: Tukima's Dance
  2140 | D:2      | Reached skill level 6 in Hexes
  2883 | D:2      | Found an iron altar of Okawaru.
  3170 | D:3      | Reached XP level 4. HP: 23/31 MP: 0/7
  3264 | D:3      | Reached skill level 7 in Hexes
  3385 | D:3      | Found a glowing golden altar of the Shining One.
  4374 | D:4      | Noticed an ogre
  4447 | D:4      | Got a crystal hunting sling
  4454 | D:4      | Identified the +6 hunting sling of Cowardice {freeze, +Fly rN+} (You found it on level 4 of the Dungeon)
  4472 | D:4      | Killed an ogre
  4472 | D:4      | Reached skill level 8 in Hexes
  4472 | D:4      | Reached XP level 5. HP: 36/36 MP: 5/8
  4576 | D:4      | Noticed an ogre
  4584 | D:4      | Killed an ogre
  4584 | D:4      | Reached skill level 9 in Hexes
  4584 | D:4      | Reached XP level 6. HP: 23/42 MP: 3/9
  4878 | D:4      | Found a blossoming altar of Fedhas.
  4945 | D:4      | Reached skill level 10 in Hexes
  5140 | D:4      | Noticed Natasha
  5141 | D:4      | Killed Natasha
  5193 | D:4      | Noticed Natasha
  5196 | D:4      | Killed Natasha
  5251 | D:4      | Learned a level 3 spell: Confuse
  5272 | D:4      | Reached skill level 11 in Hexes
  5272 | D:4      | Reached XP level 7. HP: 37/47 MP: 5/10
  5414 | D:5      | Entered Level 5 of the Dungeon
  5578 | D:5      | Noticed a yak
  5578 | D:5      | Noticed a yak
  5578 | D:5      | Noticed a yak
  5578 | D:5      | Noticed a yak
  5578 | D:5      | Noticed a yak
  5607 | D:5      | Found a sand-covered staircase.
  5613 | Ossuary  | Entered an ossuary
  6139 | Ossuary  | Reached skill level 12 in Hexes
  6627 | D:5      | Reached skill level 13 in Hexes
  6671 | D:5      | Reached XP level 8. HP: 31/53 MP: 1/11
  6906 | D:5      | Reached skill level 14 in Hexes
  6950 | D:5      | Slain by a yak

Skill      XL: |  1  2  3  4  5  6  7  8 |
---------------+-------------------------+-----
Hexes          | 5 6 8 9 11 13 14 | 14.0
Fighting       | |  0.3
Short Blades   | |  1.1
Dodging        | |  2.1
Stealth        | |  4.4
Spellcasting   | |  2.0
Ice Magic      | |  0.6

Action                   |  1- 3 |  4- 6 |  7- 9 || total
-------------------------+-------+-------+-------++-------
Melee: Dagger            |   185 |    81 |    93 ||   359
       Bite              |    11 |     9 |     6 ||    26
 Fire: Hunting sling     |       |    36 |   150 ||   186
 Cast: Corona            |     6 |       |       ||     6
       Ensorcelled Hiber |     8 |     9 |     4 ||    21
       Tukima's Dance    |     2 |     3 |     5 ||    10
       Confuse           |       |       |    19 ||    19
  Use: Potion            |     4 |     4 |     8 ||    16
       Scroll            |       |     4 |     1 ||     5
 Stab: Sleeping          |    11 |     9 |     2 ||    22
       Confused          |       |       |    10 ||    10
       Distracted        |       |       |     1 ||     1
Armor: Robe              |    50 |    12 |    22 ||    84
Dodge: Dodged            |   128 |    47 |    38 ||   213
Block: Buckler           |    25 |     7 |    22 ||    54
